AoeStats
← Jan_Rui

Black Forest

509932251Analyzed
4v4 RM · 5d ago on Sep 28, 2026· 68m 46s· 8 players
Game mode
Random Map
Map size
Large (8 player)
Population
200
Speed
Normal
Resources
Standard
Victory
Conquest
Starting age
Dark Age
Ending age
Imperial Age
RankedLock teamsTeams togetherTeam positionsShared explorationLock speedFull tech treeHidden civsTurbo modeCheats
Victory
Defeat
🇿🇦 Khmer · South Africa
943
+18
🇿🇦 Persians · South Africa
941
+19
🇿🇦 Saxons · South Africa
937
+19
🇿🇦 Huns · South Africa
929
+19
🇹🇷 Turks · Türkiye
1028
-20
🇨🇴 Ethiopians · Colombia
1014
-19
🇫🇷 Bohemians · France
973
-18
🇹🇷 Franks · Türkiye
971
-18
Zig
1:17 Loom
12:15 Feudal Age
17:16 Castle Age
15:47 Double-Bit Axe
25:55 Imperial Age
25:14 Chemistry
41:47 Caravan
48:24 Forging
48:14 Scale Mail Armor
48:19 Scale Barding Armor
51:21 Wheelbarrow
51:31 Pikeman
52:11 Squires
56:42 Halberdier
59:55 Chain Mail Armor
60:16 Iron Casting
XII. Ahmet
0:33 Loom
13:08 Feudal Age
14:52 Wheelbarrow
14:40 Horse Collar
14:51 Double-Bit Axe
14:59 Stone Mining
15:43 Gold Mining
22:53 Castle Age
23:54 Hand Cart
23:53 Bow Saw
24:20 Gold Shaft Mining
24:44 Caravan
29:41 Imperial Age
28:45 Fortified Wall
31:21 Ballistics
31:24 Town Watch
33:53 Two-Man Saw
34:55 Artillery
35:29 Conscription
35:49 Town Patrol
38:21 Murder Holes
38:08 Treadmill Crane
39:16 Padded Archer Armor
39:24 Scale Barding Armor
40:49 Elite Janissary
45:28 Hoardings
46:02 Elite Cannon Galleon
53:48 Husbandry
53:58 Bloodlines
55:53 Leather Archer Armor
55:59 Chain Barding Armor
Kundakçı-Coşkun
0:32 Loom
14:18 Feudal Age
18:38 Castle Age
18:18 Double-Bit Axe
20:21 Wheelbarrow
20:00 Bow Saw
23:41 Gold Mining
27:18 Hand Cart
27:53 Gold Shaft Mining
33:00 Imperial Age
30:47 Forging
30:42 Scale Barding Armor
30:51 Scale Barding Armor
32:30 Husbandry
33:08 Iron Casting
32:54 Chain Barding Armor
32:46 Town Watch
33:15 Cavalier
35:48 Blast Furnace
35:22 Caravan
35:49 Paladin
37:10 Plate Barding Armor
37:55 Chivalry
39:45 Conscription
47:29 Light Cavalry
52:45 Fortified Wall
53:18 Stone Mining
55:08 Pikeman
55:49 Squires
55:35 Gambesons
55:36 Arson
55:56 Scale Mail Armor
59:43 Chain Mail Armor
61:44 Plate Mail Armor
Jan_Rui
11:22 Feudal Age
14:07 Wheelbarrow
13:16 Fishing Lines
17:30 Castle Age
18:01 Double-Bit Axe
22:26 Bow Saw
31:40 Imperial Age
28:56 Town Watch
29:27 Hand Cart
28:58 Loom
29:08 Gold Mining
29:10 Stone Mining
33:27 Chemistry
32:55 Onager
32:58 Halberdier
35:55 Two-Man Saw
36:27 Gillnets
36:46 Siege Engineers
37:30 Torsion Engines
36:57 Heavy Scorpion
38:28 Coinage
39:48 Squires
39:49 Scale Mail Armor
39:59 Forging
41:54 Chain Mail Armor
42:14 Iron Casting
41:29 Siege Onager
44:10 Banking
45:09 Plate Mail Armor
45:39 Blast Furnace
45:01 Caravan
60:21 Conscription
MartelKwartel
0:31 Loom
10:22 Feudal Age
16:04 Castle Age
14:44 Double-Bit Axe
17:18 Bow Saw
21:42 Fishing Lines
25:02 Squires
24:43 Elite Skirmisher
26:49 Fletching
26:59 Scale Mail Armor
26:58 Gambesons
27:03 Arson
32:08 Imperial Age
31:12 Wheelbarrow
31:46 Bodkin Arrow
32:06 Chain Mail Armor
32:02 Forging
32:17 Padded Archer Armor
32:39 Gillnets
33:37 Conscription
33:33 Gold Mining
33:36 Stone Mining
33:37 Shield Wall
34:54 Caravan
36:25 Hoardings
36:02 Elite Varangian Guard
37:48 Plate Mail Armor
37:26 Gambesons
38:31 Bracer
41:20 Leather Archer Armor
41:41 Iron Casting
41:08 Capped Ram
42:53 Siege Engineers
43:09 Ballistics
42:30 Treadmill Crane
43:51 Chemistry
43:24 Siege Ram
44:01 Man-at-Arms
56:05 Ring Archer Armor
56:24 Masonry
65:02 Hand Cart
64:30 Long Swordsman
Kranskabeljou
0:27 Loom
11:45 Feudal Age
13:22 Stone Mining
14:52 Gold Mining
15:53 Double-Bit Axe
15:52 Horse Collar
22:38 Castle Age
22:39 Bloodlines
24:36 Bow Saw
24:35 Heavy Plow
25:13 Gold Shaft Mining
25:26 Wheelbarrow
25:54 Stone Shaft Mining
27:12 Husbandry
30:52 Scale Barding Armor
30:57 Forging
34:35 Iron Casting
34:21 Chain Barding Armor
38:41 Imperial Age
36:29 Hand Cart
36:03 Town Watch
36:44 Chain Barding Armor
37:36 Town Patrol
38:21 Cavalier
42:04 Chemistry
41:25 Ballistics
42:01 Caravan
42:11 Guilds
42:24 Guilds
41:58 Heavy Camel Rider
43:13 Conscription
46:19 Blast Furnace
49:58 Citadels
51:58 Crop Rotation
52:38 Savar
55:03 Kamandaran
54:26 Crossbowman
55:11 Thumb Ring
57:38 Light Cavalry
GrayFoxTrot
0:31 Loom
13:02 Feudal Age
18:51 Castle Age
21:34 Padded Archer Armor
24:47 Leather Archer Armor
24:24 Fletching
27:44 Wheelbarrow
27:36 Horse Collar
27:47 Double-Bit Axe
28:00 Stone Mining
28:02 Gold Mining
30:00 Bow Saw
30:34 Gold Shaft Mining
31:00 Hand Cart
34:18 Imperial Age
32:31 Heavy Plow
32:35 Bodkin Arrow
32:47 Scale Barding Armor
32:46 Marauders
36:00 Parthian Tactics
36:38 Husbandry
36:49 Bloodlines
36:14 Light Cavalry
38:02 Bracer
38:37 Hussar
40:45 Thumb Ring
41:53 Chemistry
41:14 Ballistics
40:50 Murder Holes
41:38 Chain Barding Armor
41:29 Forging
42:10 Caravan
43:07 Heavy Cavalry Archer
45:22 Elite Tarkan
47:19 Iron Casting
58:04 Plate Barding Armor
58:30 Blast Furnace
Lord Ally
0:28 Loom
10:30 Feudal Age
10:54 Horse Collar
11:01 Double-Bit Axe
15:54 Castle Age
15:53 Wheelbarrow
15:11 Stone Mining
16:49 Heavy Plow
17:25 Bow Saw
20:34 Stone Shaft Mining
20:37 Gold Mining
23:19 Caravan
25:50 Gold Shaft Mining
27:34 Murder Holes
28:38 Tusk Swords
29:00 Husbandry
29:38 Bloodlines
28:51 Light Cavalry
29:54 Scale Barding Armor
36:01 Imperial Age
35:51 Hand Cart
36:03 Chain Barding Armor
35:54 Forging
37:50 Chemistry
37:11 Ballistics
38:38 Siege Engineers
40:09 Double Crossbow
39:34 Elite Ballista Elephant
41:32 Iron Casting
40:53 Fletching
40:34 Heavy Scorpion
44:07 Capped Ram
48:41 Elite Battle Elephant
51:29 Siege Ram
62:25 Pikeman
Connection lost

Rejoining the realm…

Still unreachable

The connection could not be restored.

Session expired

The server has moved on; the page needs a fresh start.